 Dungeon Crawl Stone Soup version 0.17.1-2-g5865329 (webtiles) character file.

63 Lonerover the Sneak (level 4, 0/58 HPs)
             Began as a Naga Wanderer on Jan 27, 2016.
             Slain by a giant frog (4 damage)
             ... on level 3 of the Dungeon.
             The game lasted 00:08:58 (1853 turns).

Lonerover the Sneak (Naga Wanderer)                 Turns: 1853, Time: 00:08:59

Health: 0/58       AC: 22    Str: 17    XL:     4   Next: 9%
Magic:  4/4        EV:  1    Int: 12    God:
Gold:   97         SH:  0    Dex:  9    Spells: 0 memorised, 3 levels left

rFire  . . .     SeeInvis +     g - +0 mace
rCold  . . .     Clarity  .     (armour currently unavailable)
rNeg   + + +     SustAt   .     (no shield)
rPois  +         Gourm    .     (helmet currently unavailable)
rElec  .         Spirit   .     (cloak currently unavailable)
rCorr  .         Warding  .     (gloves currently unavailable)
rMut   .         NoTele   +     (no barding)
MR     .....                    (no amulet)
Stlth  ++++......               (no ring)
                                (no ring)

@: tree-form, not resistant to hostile enchantments, stealthy
A: see invisible, (deformed body), (poison resistance), (slowness 0), slow
metabolism 1, spit poison 2, AC +1
a: Spit Poison


You were on level 3 of the Dungeon.
You were not hungry.
You were a tree.
You visited 1 branch of the dungeon, and saw 3 of its levels.

You collected 97 gold pieces.

Inventory:

Hand Weapons
 d - a +0 club
 g - a +0 mace (weapon)
 p - a +0 whip
Missiles
 f - 16 silver bolts
Armour
 a - a +2 scale mail (melded)
 m - a +2 cloak (melded)
 n - a +0 scale mail
Scrolls
 b - 2 scrolls of teleportation
 i - a scroll of enchant armour {unknown}
 k - 2 scrolls of identify {unknown}
 l - a scroll of random uselessness {unknown}
Potions
 c - a potion of lignification
 q - a potion of might {unknown}
Comestibles
 e - 2 bread rations
 h - a meat ration
 j - 2 beef jerkies
 o - 2 fruits


   Skills:
 + Level 1.9 Fighting
 + Level 2.4 Maces & Flails
 - Level 1.0 Throwing
 - Level 4.1 Armour
 * Level 4.7 Stealth


You had 3 spell levels left.
You didn't know any spells.

Dungeon Overview and Level Annotations

Branches:
Dungeon (3/15)

Altars:
Makhleb
Okawaru
The Shining One


Innate Abilities, Weirdness & Mutations

You cannot wear boots.
((Your serpentine skin is tough (AC +1).))
You have supernaturally acute eyesight.
((Armour fits poorly on your strangely shaped body.))
((Your system is resistant to poisons.))
((You cover ground very slowly.))
You have a slow metabolism.
You can spit poison.


Message History

The giant frog hits you but does no damage. x2
You are too injured to fight recklessly!
You are too injured to fight recklessly!
You are too injured to fight recklessly!
You are too injured to fight recklessly!
You are too injured to fight recklessly!
You are too injured to fight recklessly!
You are too injured to fight recklessly!
You are too injured to fight recklessly!
You are too injured to fight recklessly!
You are too injured to fight recklessly!
You are too injured to fight recklessly!
You hit the giant frog but do no damage.
The giant frog is severely wounded.
The giant frog hits you but does no damage. x2
You closely miss the giant frog.
The giant frog is severely wounded.
The giant frog hits you but does no damage.
The giant frog hits you.
You die...

###..)## ...(..
....# ##...# #
....# #.####.#.#
#!..<#.#.###.##
......#...♣F.)...#
..... #.##.....#.#
.... #........#
... ##.......# ..
#.......# .
.....###...
......# ....
.....## ....


You could see a giant frog.

Vanquished Creatures
  An adder (D:2)
  An ooze (D:2)
  A worm (D:2)
  3 giant geckos
  5 giant cockroaches
  8 goblins
  5 hobgoblins
  2 quokkas
  A ball python (D:1)
  3 bats
  2 giant newts (D:1)
  5 kobolds
  5 rats
42 creatures vanquished.

Notes
Turn   | Place    | Note
--------------------------------------------------------------
     0 | D:1      | Lonerover the Naga Wanderer began the quest for the Orb.
     0 | D:1      | Lonerover set off with: a +2 scale mail, a scroll of teleportation, a potion of lignification, a +0 club, a bread ration
     0 | D:1      | Reached XP level 1. HP: 18/18 MP: 1/1
    58 | D:1      | Reached XP level 2. HP: 18/25 MP: 2/2
   723 | D:1      | Reached XP level 3. HP: 28/31 MP: 3/3
  1129 | D:2      | Found a burning altar of Makhleb.
  1672 | D:2      | Found an iron altar of Okawaru.
  1672 | D:2      | Found a glowing golden altar of the Shining One.
  1732 | D:2      | Reached XP level 4. HP: 39/39 MP: 4/4
  1839 | D:3      | Noticed a giant frog
  1853 | D:3      | Slain by a giant frog

Action                   |  1- 3 |  4- 6 || total
-------------------------+-------+-------++-------
Melee: Club              |    42 |       ||    42
       Whip              |   127 |       ||   127
       Mace              |    19 |    17 ||    36
  Use: Potion            |       |     1 ||     1
 Stab: Sleeping          |     1 |       ||     1
  Eat: Chunk             |     2 |       ||     2
